 Dungeon Crawl Stone Soup version 0.17.0-28-g6e173f8 (webtiles) character file.

824 xt4zy the Ducker (level 7, -14/72 HPs)
             Began as a Troll Berserker on Nov 30, 2015.
             Was an Initiate of Gozag.
             Demolished by a polar bear (24 damage)
             ... created by the rage of Trog
             ... on level 3 of the Dungeon.
             The game lasted 00:27:36 (3045 turns).

xt4zy the Ducker (Troll Berserker)                  Turns: 3045, Time: 00:27:36

Health: -14/72     AC:  8    Str: 28    XL:     7   Next: 64%
Magic:  9/9        EV: 11    Int:  3    God:    Gozag
Gold:   233        SH:  0    Dex:  9    Spells: 0 memorised, 10 levels left

rFire  . . .     SeeInvis +     e - +2 dagger (venom)
rCold  + . .     Clarity  .     a - +0 animal skin
rNeg   . . .     SustAt   .     (no shield)
rPois  .         Gourm    +     (helmet restricted)
rElec  .         Spirit   .     s - +2 cloak
rCorr  .         Warding  .     (gloves unavailable)
rMut   .         Stasis   .     (boots unavailable)
MR     .....                    w - amulet of rage
Stlth  ++........               n - ring of see invisible
                                l - ring of protection from cold

@: very slightly contaminated, not resistant to hostile enchantments, unstealthy
A: unfitting armour, claws 3, fast metabolism 3, gourmand, regeneration 2,
shaggy fur 1, tough skin 2
a: Potion Petition, Call Merchant, Bribe Branch, Renounce Religion, Evoke
Berserk Rage


You were on level 3 of the Dungeon.
You worshipped Gozag.
Gozag was noncommittal.
You were not hungry.

You visited 1 branch of the dungeon, and saw 4 of its levels.

You collected 287 gold pieces.
You paid 54 gold pieces to Gozag.

Inventory:

Hand Weapons
 e - a +2 dagger of venom (weapon)
 i - a +1 short sword of draining
Armour
 a - a +0 animal skin (worn)
 s - a +2 cloak (worn)
Jewellery
 l - a ring of protection from cold (left claw)
 n - a ring of see invisible (right claw)
 w - an amulet of rage (around neck)
Wands
 v - a wand of flame (16)
Scrolls
 b - a scroll of identify
 t - a scroll of remove curse
Comestibles
 c - a meat ration
 g - 7 fruits
 p - a beef jerky


   Skills:
 + Level 5.0 Fighting
 + Level 3.7 Short Blades
 + Level 3.4 Throwing
 + Level 3.1 Armour
 + Level 6.0 Dodging
 + Level 2.6 Stealth
 + Level 5.5 Unarmed Combat
 + Level 2.3 Spellcasting
 + Level 2.8 Evocations


You had 10 spell levels left.
You didn't know any spells.

Dungeon Overview and Level Annotations

Branches:
Dungeon (4/15)
 Temple: D:4-7

Altars:
Gozag
Makhleb
Qazlal
Trog
Vehumet
Zin


Innate Abilities, Weirdness & Mutations

You are too large for most types of armour.
You have claws for hands.
Your metabolism is lightning-fast.
You like to eat raw meat.
You heal very quickly.
You are covered in fur (AC +1).
You have very tough skin (AC +2).


Message History

There is a stone staircase leading down here.
You hit the polar bear but do no damage.
The polar bear bites you! The polar bear barely misses you.
The polar bear claws you.
You hit the polar bear but do no damage.
The polar bear is poisoned.
The polar bear bites you!
* * * LOW HITPOINT WARNING * * *
The polar bear claws you.
* * * LOW HITPOINT WARNING * * *
The polar bear claws you.
* * * LOW HITPOINT WARNING * * *
Zapping:
v - a wand of flame {zapped: 7} (will waste charges)
Press: ? - help, Shift-Dir - straight line, f - polar bear
Aim: a polar bear (berserk, fast, unusually strong, poisoned, durably summoned)
The puff of flame hits the polar bear.
The polar bear is lightly wounded.
Evoking this partially-identified wand wasted a few charges.
The polar bear bites you!!
You die...
Your body crumbles into a pile of gold.

#.# #########.# #.# #.#
#<#.......# #.#
#.###.#.#############.#
#.....#.# #.......#
#..####.# #.#######
#..####.# #..#
#.......# #..#
#..############..#
................@#
#.)............h.#
#######.########.# #.#
#.# #.# #.# #####.###
#.# #.......# #.# #
#.......# #.# #
#.......# #.#


You could see a polar bear (berserk).

Vanquished Creatures
  A phantom (D:4)
  2 centaur skeletons (D:4)
  A worker ant (D:3)
  3 orc wizards (D:4)
  3 gnolls (D:2)
  8 adders
  An ooze (D:1)
  5 worms
  2 orcs
  4 hobgoblins
  11 kobolds
  A ball python (D:1)
  8 bats
  6 giant cockroaches
  A giant gecko (D:1)
  4 giant newts
  3 goblins
  2 quokkas
  3 rats
69 creatures vanquished.

Notes
Turn   | Place    | Note
--------------------------------------------------------------
     0 | D:1      | xt4zy the Troll Berserker began the quest for the Orb.
     0 | D:1      | Reached XP level 1. HP: 22/22 MP: 0/0
   638 | D:1      | Reached XP level 2. HP: 29/29 MP: 1/1
  1252 | D:2      | Found a radiant altar of Vehumet.
  1265 | D:2      | Found a burning altar of Makhleb.
  1338 | D:2      | Reached ** piety under Trog
  1338 | D:2      | Reached XP level 3. HP: 32/36 MP: 2/2
  1535 | D:2      | Reached XP level 4. HP: 40/44 MP: 3/3
  1684 | D:2      | Found a bloodstained altar of Trog.
  2069 | D:3      | Found a stormy altar of Qazlal.
  2178 | D:3      | Reached XP level 5. HP: 51/53 MP: 4/4
  2365 | D:3      | Reached skill level 4 in Dodging
  2488 | D:3      | Reached *** piety under Trog
  2669 | D:3      | Found a glowing silver altar of Zin.
  2669 | D:3      | Found an opulent altar of Gozag.
  2695 | D:3      | Fell from the grace of Trog
  2695 | D:3      | Became a worshipper of Gozag Ym Sagoz the Greedy
  2797 | D:4      | Reached skill level 1 in Short Blades
  2881 | D:4      | Reached XP level 6. HP: 52/61 MP: 5/5
  2904 | D:4      | Noticed a phantom
  2959 | D:4      | Killed a phantom
  3006 | D:4      | Reached skill level 5 in Fighting
  3006 | D:4      | Reached skill level 6 in Dodging
  3006 | D:4      | Reached skill level 5 in Unarmed Combat
  3006 | D:4      | Reached XP level 7. HP: 66/72 MP: 5/9
  3028 | D:4      | Noticed a polar bear
  3028 | D:4      | Noticed a polar bear
  3045 | D:3      | Demolished by a polar bear

Action                   |  1- 3 |  4- 6 |  7- 9 || total
-------------------------+-------+-------+-------++-------
Melee: Dagger            |    30 |   197 |     2 ||   229
       Short sword       |    64 |       |       ||    64
       Unarmed           |     3 |       |       ||     3
Evoke: Wand              |       |     3 |     1 ||     4
  Use: Scroll            |     3 |     2 |     2 ||     7
       Potion            |     5 |     2 |       ||     7
  Eat: Bread ration      |     2 |     1 |       ||     3
       Fruit             |     2 |     6 |       ||     8
       Royal jelly       |       |     1 |       ||     1
       Meat ration       |       |     1 |       ||     1
